 Dungeon Sprint DCSS version 0.18-a0-1799-g6250cb2 (webtiles) character file.

48 Kidiri the Magician (level 3, 0/22 HPs)
             Began as a Gargoyle Fire Elementalist on Apr 23, 2016.
             Was an Initiate of Vehumet.
             Slain by a spriggan
             ... wielding a +0 dagger
              (11 damage)
             ... in the Dungeon (Sprint V: "Ziggurat Sprint").
             The game lasted 00:06:58 (183 turns).

Kidiri the Magician (Gargoyle Fire Elementalist)     Turns: 183, Time: 00:06:59

Health: 0/22       AC:  5    Str: 11    XL:     3   Next: 72%
Magic:  8/8        EV: 13    Int: 28    God:    Vehumet [......]
Gold:   0          SH:  7    Dex: 10    Spells: 4 memorised, 1 level left

rFire  + . .     SeeInvis .     m - staff of fire
rCold  . . .     Gourm    .     a - +0 robe
rNeg   + . .     Faith    .     I - +3 buckler
rPois  ∞         Spirit   .     (no helmet)
rElec  +         Dismiss  .     (no cloak)
rCorr  .         Reflect  .     (no gloves)
SustAt .         Harm     .     (no boots)
MR     .....     NoTele   +     (no amulet)
Stlth  ++........               B - +6 ring of intelligence
                                A - +6 ring of intelligence

@: not resistant to hostile enchantments, unstealthy
A: negative energy resistance 1, electricity resistance, unbreathing,
petrification resistance, rot immunity, AC +3
a: Renounce Religion


You were in the Dungeon.
You worshipped Vehumet.
Vehumet was noncommittal.
You were not hungry.

You visited 1 branch

Inventory:

Armour
 a - a +0 robe (worn)
 I - a +3 buckler (worn)
 J - a +3 large shield
 K - a +3 shield
 L - a +5 gold dragon armour
Magical Staves
 m - an uncursed staff of fire (weapon)
Jewellery
 y - a +6 ring of dexterity
 z - a +6 ring of dexterity
 A - a +6 ring of intelligence (left hand)
 B - a +6 ring of intelligence (right hand)
 C - a +6 ring of strength
 D - a +6 ring of strength
Wands
 E - a wand of disintegration (7/24)
 F - a wand of iceblast (5/15)
 G - a wand of lightning (5/15)
 H - a wand of acid (5/15)
Scrolls
 i - 4 scrolls of blinking
 p - 4 scrolls of amnesia
 q - 3 scrolls of recharging
 r - 7 scrolls of fog
 s - a scroll of holy word
 t - 5 scrolls of identify
 u - 5 scrolls of remove curse
 v - 2 scrolls of fear
Potions
 d - 9 potions of curing
 e - 10 potions of heal wounds
 f - 6 potions of haste
 g - 6 potions of magic
 h - 3 potions of berserk rage
 j - 2 potions of brilliance
 k - 2 potions of invisibility
 l - 4 potions of resistance
 n - 5 potions of agility
 o - 5 potions of might
Books
 b - a book of Flames

   Spells                             Type                      Level
   a - Flame Tongue                   Conjuration/Fire             1
   b - Throw Flame                    Conjuration/Fire             2
   c - Conjure Flame                  Conjuration/Fire             3
   d - Inner Flame                    Hexes/Fire                   3
   e - Sticky Flame                   Conjuration/Fire             4
   f - Fireball                       Conjuration/Fire             5
Comestibles
 c - 5 bread rations
 w - 42 fruits
 x - 4 meat rations


   Skills:
 + Level 2.9 Fighting
 + Level 2.9 Armour
 * Level 3.8 Dodging
 - Level 2.1 Stealth
 + Level 2.9 Shields
 * Level 4.2 Spellcasting
 + Level 3.1 Conjurations
 + Level 0.0 Hexes
 + Level 4.1 Fire Magic


You had one spell level left.
You knew the following spells:

 Your Spells              Type           Power        Failure   Level  Hunger
a - Flame Tongue          Conj/Fire      #####        1%          1    None
b - Throw Flame           Conj/Fire      #####.       2%          2    None
c - Conjure Flame         Conj/Fire      #####...     8%          3    ##.....
d - Inner Flame           Hex/Fire       ####....     12%         3    ##.....


Dungeon Overview and Level Annotations

Branches:
Dungeon (1/1)

Altars:
Ashenzari
Cheibriados
Dithmenos
Elyvilon
Fedhas
Gozag
Kikubaaqudgha
Makhleb
Nemelex Xobeh
Okawaru
Pakellas
Qazlal
Ru
Sif Muna
Trog
Vehumet
Xom
Yredelemnul
Zin
The Shining One
Beogh
Jiyva
Lugonu


Innate Abilities, Weirdness & Mutations

You are resistant to torment.
Your stone body is resilient (AC +3).
You are immune to poison.
You resist negative energy.
You are resistant to electric shocks.
You can survive without breathing.
You are immune to petrification.
You are immune to rotting.


Message History

The spriggan is severely wounded.
The spriggan hits you but does no damage.
The spriggan misses you. You block the spriggan's attack.
Casting: Flame Tongue
Confirm with . or Enter, or press ? or * to list all spells.
Aiming: Flame Tongue
Press: ? - help, Shift-Dir - straight line, f/p - spriggan
Aim: a spriggan, wielding a short sword and wearing a robe (severely wounded)
You feel a surge of power!
The flame tongue misses the spriggan.
The spriggan barely misses you. The spriggan hits you with a rapier!
The spriggan misses you.
Unknown command.
Drink which item? (? for menu, Esc to quit)
You feel better. The spriggan hits you with a dagger!
You block the spriggan's attack. x2
Unknown command.
Drink which item? (? for menu, Esc to quit)
Magic courses through your body. The spriggan hits you with a dagger!
Ouch! That really hurt!
You die...

▓▓▓▓▓▓▓▓▓▓▓▓▓
▓.8©8.▓.8©8.▓
▓..}:.▓.....▓
▓.....▓.|...▓
▓.....▓.....▓
▓.....▓..)..▓
▓..ii.▓.....▓
▓.i@..▓▓▓▓▓▓▓
▓▓▓▓▓▓▓


You could see 3 spriggans.

Vanquished Creatures
  A wight (D)
  A bat zombie (D)
2 creatures vanquished.

Notes
Turn   | Place    | Note
--------------------------------------------------------------
     0 | D        | Kidiri the Gargoyle Fire Elementalist began the quest for the Orb.
     0 | D        | Reached XP level 1. HP: 10/10 MP: 3/3
     0 | D        | Found a viscous altar of Jiyva.
     0 | D        | Found a roughly hewn altar of Beogh.
     0 | D        | Found a corrupted altar of Lugonu.
     0 | D        | Found a white marble altar of Elyvilon.
     0 | D        | Found a sparkling altar of Nemelex Xobeh.
    11 | D        | Found an iron altar of Okawaru.
    11 | D        | Found a radiant altar of Vehumet.
    11 | D        | Found a burning altar of Makhleb.
    11 | D        | Found a shimmering altar of Xom.
    11 | D        | Found a deep blue altar of Sif Muna.
    21 | D        | Became a worshipper of Vehumet
    31 | D        | Found a bloodstained altar of Trog.
    73 | D        | Reached XP level 2. HP: 18/18 MP: 3/6
    77 | D        | Learned a level 2 spell: Throw Flame
   110 | D        | Entered arena 1.
   110 | D        | Noticed a wight
   113 | D        | Killed a wight
   113 | D        | Reached XP level 3. HP: 22/22 MP: 3/8
   171 | D        | Learned a level 3 spell: Conjure Flame
   175 | D        | Learned a level 3 spell: Inner Flame
   175 | D        | Entered arena 2.
   175 | D        | Noticed a spriggan
   175 | D        | Noticed a spriggan
   175 | D        | Noticed a spriggan
   183 | D        | Slain by a spriggan

Vault maps used:
D:        sprint_v

Skill      XL: |  1  2 |
---------------+-------+-----
Fighting       | 2 |  2.9
Armour         | 2 |  2.9
Dodging        | 3 |  3.8
Shields        | 2 |  2.9
Spellcasting   | 3 4 |  4.2
Conjurations   | 2 3 |  3.1
Fire Magic     | 4 |  4.1
Stealth        | |  2.1

Action                   || total
-------------------------++-------
 Cast: Flame Tongue      ||    10
  Use: Potion            ||     3
Armor: Robe              ||     2
Dodge: Dodged            ||     6
Block: Buckler           ||     5
